 Dungeon Crawl Stone Soup version 0.24.1-8-ga250c9d538 (webtiles) character file.

Game seed: 4411960334118971128, levelgen mode: deterministic

54 Peloso the Skirmisher (level 3, -2/29 HPs)
             Began as a Demonspawn Fighter on Apr 30, 2020.
             Slain by a worm (9 damage)
             ... on level 2 of the Dungeon.
             The game lasted 00:01:44 (1374 turns).

Peloso the Skirmisher (Demonspawn Fighter)          Turns: 1374, Time: 00:01:45

Health: -2/29      AC:  8    Str: 17    XL:     3   Next: 66%
Magic:  3/3        EV:  7    Int:  9    God:
Gold:   53         SH:  9    Dex: 12    Spells: 2/2 levels left

rFire    + . .     SeeInvis .   a - +0 long sword
rCold    . . .     Gourm    .   c - +0 shield
rNeg     . . .     Faith    .   b - +0 scale mail
rPois    .         Spirit   .   (no helmet)
rElec    .         Reflect  .   (no cloak)
rCorr    .         Harm     .   (no gloves)
MR       .....                  (no boots)
Stlth    ..........             (no amulet)
HPRegen  0.09/turn              (no ring)
MPRegen  0.08/turn              (no ring)

@: no status effects
A: thin metallic scales 1, fire resistance 1
a: no special abilities


You were on level 2 of the Dungeon.
You were not hungry.

You visited 1 branch of the dungeon, and saw 2 of its levels.

You collected 53 gold pieces.

Inventory:

Hand Weapons
 a - a +0 long sword (weapon)
Armour
 b - a +0 scale mail (worn)
 c - a +0 shield (worn)
Scrolls
 e - 5 scrolls of identify {unknown}
 i - a scroll of teleportation {unknown}
Potions
 d - a potion of might
 g - 2 potions of haste {unknown}
 h - a potion of degeneration {unknown}
Comestibles
 f - a ration


   Skills:
 + Level 3.4 Fighting
 + Level 2.5 Long Blades
 + Level 3.0 Armour
 + Level 0.8 Dodging
 + Level 3.0 Shields


You had 2 spell levels left.
You didn't know any spells.
Your spell library was empty.

Dungeon Overview and Level Annotations

Branches:
Dungeon (2/15)

Altars:


Innate Abilities, Weirdness & Mutations

You are partially covered in thin metallic scales. (AC +2)
Your flesh is heat resistant. (rF+)


Message History

You barely miss the worm.
The worm is heavily wounded.
The worm bites you!
You hit the worm.
The worm is severely wounded.
You block the worm's attack.
You hit the worm.
The worm is severely wounded.
You hit the worm.
The worm is almost dead.
The worm bites you.
* * * LOW HITPOINT WARNING * * *
You hit the worm.
The worm is almost dead.
A hobgoblin comes into view.
The worm bites you but does no damage.
You hit the worm.
The worm is almost dead.
The worm bites you!
You die...

#.###.#####.#.....
#.#.#.#...#.###.##
#.#.#.#.###.#.....
#...#.#.....#...#.
#.#########.#.##########
#...........#...........
.#####.###.#.###.#####.
#.# #.#.# #.#. #. #@#
#.#.# #.#.###. #w# ..#..
#.#..... #g# #####
#.##.### #.. ..##.###
#.# #.##.... #.#
#.###### #.# #..


You could see a worm and a hobgoblin.

Vanquished Creatures
  2 adders (D:2)
  3 worms (D:2)
  3 dart slugs (D:1)
  2 goblins
  2 hobgoblins (D:1)
  2 jackals (D:2)
  4 bats
  2 frilled lizards
  3 kobolds
  A rat (D:2)
24 creatures vanquished.

Notes
Turn   | Place    | Note
-------+----------+-------------------------------------------
     0 | D:1      | Peloso the Demonspawn Fighter began the quest for the Orb.
     0 | D:1      | Reached XP level 1. HP: 18/18 MP: 1/1
     0 | D:1      | Noticed a human
     0 | D:1      | Noticed an ogre
     0 | D:1      | Noticed a felid
     2 | D:1      | Noticed a vine stalker
     2 | D:1      | Noticed a gargoyle
     4 | D:1      | Noticed a minotaur
     5 | D:1      | Noticed a vine stalker
     7 | D:1      | Noticed a spriggan
     8 | D:1      | Noticed an elf
    10 | D:1      | Noticed a vampire
    10 | D:1      | Noticed an elf
    12 | D:1      | Noticed a centaur
    14 | D:1      | Noticed a ghoul
    14 | D:1      | Noticed a ghoul
    16 | D:1      | Noticed a draconian
    16 | D:1      | Noticed a felid
   216 | D:1      | Gained mutation: Your flesh is heat resistant. (rF+)
                  | [demonic ancestry]
   216 | D:1      | Reached XP level 2. HP: 19/24 MP: 2/2
   876 | D:2      | Gained mutation: You are partially covered in thin metallic
                  | scales. (AC +2) [demonic ancestry]
   876 | D:2      | Reached XP level 3. HP: 8/29 MP: 3/3
  1374 | D:2      | Slain by a worm

Levels and vault maps discovered:
D:1:      shiori_arrival_whats_in_store_for_you, layout_basic
D:2:      mumra_celtic_spiral_tile, layout_basic, lemuel_coloured_pillars_altar,
          serial_forest, infiniplex_forest_clump_diagonal,
          infiniplex_forest_end_double, infiniplex_forest_clump_C,
          infiniplex_forest_straight_4, infiniplex_forest_straight_3,
          infiniplex_forest_straight_2, infiniplex_forest_lined_3_way,
          infiniplex_forest_lined_ring, infiniplex_forest_clump_long,
          infiniplex_forest_diagonal, fedhas_altar_3

Skill      XL: |  1  2 |
---------------+-------+-----
Shields        | 3 |  3.0
Armour         | 3 |  3.0
Long Blades    | 2 |  2.5
Fighting       | |  3.4
Dodging        | |  0.8

Action                   || total
-------------------------++-------
Melee: Long sword        ||   112
  Eat: Chunk             ||     2
Armor: Scale mail        ||    59
Dodge: Dodged            ||    26
Block: Shield            ||    56
       Rpst.: Long sword ||     7
